 Dungeon Crawl Stone Soup version 0.31-a0-233-g139696dc86 (webtiles) character file.

Game seed: 6654918002817210784

164 Tocho the Chopper (level 5, 0/27 (54) HPs)
             Began as an Ogre Reaver on July 9, 2023.
             Slain by an ogre
             ... wielding a +0 giant spiked club
              (25 damage)
             ... on level 4 of the Dungeon.
             The game lasted 00:07:08 (3002 turns).

Tocho the Chopper (Ogre Reaver)                     Turns: 3002, Time: 00:07:09

HP:   0/27 (54)     AC:  4    Str: 24    XL:     5   Next: 45%
MP:   8/10          EV:  9    Int: 14    God:
Gold: 212           SH:  0    Dex:  7    Spells: 8/11 levels left

rFire   . . .        a - +0 hand axe
rCold   . . .        (no shield)
rNeg    . . .        b - +1 robe
rPois   .            (helmet restricted)
rElec   .            (no cloak)
rCorr   .            (gloves unavailable)
SInv    .            (boots unavailable)
Will    .....        (no amulet)
Stlth   +            d - +6 ring of strength
HPRegen 0.24/turn    (no ring)
MPRegen 0.12/turn

%: no passive effects
@: lethally poisoned (0 -> -3), extremely drained
A: large, unfitting armour, tough skin 1, talons 1, wild magic 1, MP-powered
wands
a: no special abilities


You were on level 4 of the Dungeon.
You visited 1 branch of the dungeon, and saw 4 of its levels.

You collected 212 gold pieces.

Inventory:

Hand Weapons
 a - a +0 hand axe (weapon)
Armour
 b - a +1 robe (worn)
Jewellery
 d - a +6 ring of strength (left hand)
Potions
 e - a potion of resistance
 i - 2 potions of haste


   Skills:
 * Level 3.6 Fighting
 + Level 4.3 Axes
 + Level 2.2 Dodging
 * Level 3.8 Spellcasting
 + Level 3.0 Conjurations
 + Level 0.1 Necromancy


You had 8 spell levels left.
You knew the following spells:

 Your Spells              Type           Power      Damage    Failure   Level
a - Kiss of Death         Conj/Necr      36%        2d8       16%         1
b - Momentum Strike       Conj/Tloc      18%        3d8       22%         2

Your spell library contained the following spells:

 Spells                   Type           Power      Damage    Failure   Level
 Blink                    Tloc           6%         N/A       38%         2
 Lesser Beckoning         Tloc           6%         N/A       38%         2
 Hailstorm                Conj/Ice       9%         3d4       41%         3
 Stone Arrow              Conj/Erth      18%        3d8       41%         3
 Animate Armour           Summ/Erth      6%         N/A       93%         4
 Lehudib's Crystal Spear  Conj/Erth      4%         10d3      100%        8


Dungeon Overview and Level Annotations

Branches:
Dungeon (4/15)
 Temple: D:4-7

Altars:
Elyvilon


Innate Abilities, Weirdness & Mutations

You are too large for most types of armour.
You have tough skin. (AC +1)
You have sharp toenails.
Your spells are a little harder to cast, but a little more powerful.
You expend magic power (3 MP) to strengthen your wands.


Message History

A hobgoblin comes into view.
The hobgoblin shouts!
A hobgoblin is nearby!
The hobgoblin hits you.
You slash the hobgoblin!
You kill the hobgoblin!
No target in view!
No target in view!
No target in view!
No target in view!
No target in view!
No target in view!
No target in view!
HP restored.
An ogre comes into view. It is wielding a +0 giant spiked club.
The ogre shouts!
You hear a shout!
A kobold comes into view.
It is wielding a +0 whip and quivering poisoned darts.
You hear a shout!
Memorise Momentum Strike, consuming 2 spell levels and leaving 8?
You start memorising the spell.
You continue memorising. x2
You finish memorising.
Spell assigned to 'b'.
Casting: Kiss of Death (safe; 16% risk of failure)
Confirm with . or Enter, or press ? or * to list all spells.
Aiming: Momentum Strike (safe; 22% risk of failure)
Press: ? - help, Dir - move target, f - ogre
Aim: an ogre, wielding a +0 giant spiked club (85% to hit)
The concentrated momentum misses the ogre.
The ogre closely misses you.
You hit the ogre.
The ogre is lightly wounded.
An ufetubus comes into view.
The kobold throws a poisoned dart.
The poisoned dart hits you.
You are poisoned.
The ufetubus moves out of view.
You hit the ogre but do no damage.
The ogre is lightly wounded.
You feel sick.
The ogre hits you with a +0 giant spiked club!!
Ouch! That really hurt!
You die...

##.# #..#
#.## #.# #.#
#.# #.# #.#
#@#
........O.#
#####...K....
#.#...##.#
..#.... #
#.......# ..
...#.# ##.
#..#.#


You could see an ogre and a kobold.

Vanquished Creatures
  Jessica (D:3)
  3 gnolls (D:2)
  2 adders (D:2)
  A shadow imp (D:3)
  A worm (D:2)
  2 dart slugs (D:2)
  3 bats
  10 endoplasms
  2 giant cockroaches
  11 goblins
  5 hobgoblins
  7 jackals (D:1)
  8 kobolds
  2 quokkas
  6 ball pythons
  3 frilled lizards
  4 rats
71 creatures vanquished.

Notes
Turn   | Place    | Note
-------+----------+-------------------------------------------
     0 | D:1      | Tocho the Ogre Reaver began the quest for the Orb.
     0 | D:1      | Reached XP level 1. HP: 22/22 MP: 3/3
    92 | D:1      | Reached XP level 2. HP: 29/29 MP: 5/5
   522 | D:1      | Reached XP level 3. HP: 32/37 MP: 6/6
  1202 | D:2      | Reached XP level 4. HP: 34/41 MP: 8/8
  1205 | D:2      | Identified the +0 leather armour "Posuewe" {rF+}
  1478 | D:2      | Reached skill level 4 in Axes
  1662 | D:3      | Found a faded altar of an unknown god.
  2134 | D:3      | Found a white marble altar of Elyvilon.
  2225 | D:3      | Noticed Jessica
  2247 | D:3      | Killed Jessica
  2248 | D:3      | Reached XP level 5. HP: 23/39 MP: 8/10
  2912 | D:2      | Gained mutation: You have a pair of small horns on your
                  | head. [potion of mutation]
  2912 | D:2      | Gained mutation: You do not regenerate when monsters are
                  | visible. [potion of mutation]
  2912 | D:2      | Gained mutation: Your spells are a little harder to cast,
                  | but a little more powerful. [potion of mutation]
  2913 | D:2      | Lost mutation: You do not regenerate when monsters are
                  | visible. [potion of mutation]
  2913 | D:2      | Lost mutation: You have a pair of small horns on your head.
                  | [potion of mutation]
  2913 | D:2      | Gained mutation: You have sharp toenails. [potion of
                  | mutation]
  2913 | D:2      | Gained mutation: You expend magic power (3 MP) to
                  | strengthen your wands. [potion of mutation]
  2996 | D:4      | Noticed an ogre
  3000 | D:4      | Learned a level 2 spell: Momentum Strike
  3002 | D:4      | Slain by an ogre

Illustrated notes

Levels and vault maps discovered:
D:1:      wander_arrival_peaceful_grave, layout_loops_ring
D:2:      layout_basic
D:3:      layout_loops_ring, mainiacjoe_overflow_alcove_1,
          shapermc_ecumenical_altar_flowoftime, uniq_jessica
D:4:      layout_loops_ring, enter_ossuary_1, minmay_small_thing

Skill      XL: |  1  2  3  4 |
---------------+-------------+-----
Fighting       | 3 |  3.6
Conjurations   | 3 |  3.0
Dodging        | 2 |  2.2
Spellcasting   | 3 |  3.8
Axes           | 4 |  4.3
Necromancy     | |  0.1

Action                     |  1- 3 |  4- 6 || total
---------------------------+-------+-------++-------
  Melee: Hand axe          |   121 |   122 ||   243
         Kick              |       |     1 ||     1
   Cast: Kiss of Death     |     1 |     5 ||     6
         Momentum Strike   |       |     1 ||     1
    Use: Scroll            |     3 |     6 ||     9
         Potion            |       |     2 ||     2
   Stab: Sleeping          |       |     1 ||     1
 Armour: Robe              |    44 |    29 ||    73
  Dodge: Dodged            |    61 |    48 ||   109

Table legend: (Time is in decaauts)
 A = Elapsed time spent in this place.
 B = Non-inter-level travel time spent in this place.
 C = Inter-level travel time spent in this place.
 D = Time resting spent in this place.
 E = Time spent auto-exploring this place.
 F = Levels seen in this place.
 G = Mean time per level.
                   A        B        C        D        E       F      G
               +--------+--------+--------+--------+--------+-----+--------+
         Total |   3027 |   2855 |    172 |      0 |   2276 |   4 |  756.8 |
       Dungeon |   3027 |   2855 |    172 |      0 |   2276 |   4 |  756.8 |
               +--------+--------+--------+--------+--------+-----+--------+

Top non-repeatable levels by time:
     D:3: 1037 daAuts
     D:2: 1020 daAuts
     D:1: 934 daAuts
     D:4: 36 daAuts
